 Dungeon Crawl Stone Soup version 0.28-a0-769-g550dbda0cd (webtiles) character file.

Game seed: 16828397794054855582

17406 jasper the Martial Artist (level 12, -8/92 HPs)
             Began as a Demonspawn Artificer on Oct 31, 2021.
             Was an Elder of Okawaru.
             Constricted to death by Jorgrun (12 damage)
             ... on level 14 of the Dungeon.
             The game lasted 00:32:53 (21453 turns).

jasper the Martial Artist (Demonspawn Artificer)   Turns: 21453, Time: 00:32:54

Health: -8/92      AC: 14    Str: 15    XL:     12   Next: 18%
Magic:  11/16      EV:  9    Int: 12    God:    Okawaru [****..]
Gold:   1395       SH: 11    Dex: 17    Spells: 9/11 levels left

rFire   . . .      SeeInvis .     - Unarmed
rCold   . . .      Faith    .   p - +1 buckler
rNeg    . . .      Spirit   .   i - +0 plate armour
rPois   +          Reflect  +   m - +0 helmet
rElec   +          Harm     .   (no cloak)
rCorr   .          Rampage  .   (no gloves)
Will    .....                   (no boots)
Stlth   +.........              z - amulet of reflection
HPRegen 0.25/turn               G - +4 ring of slaying
MPRegen 0.15/turn               F - ring "Jinebral" {+Blink rElec rPois Stlth+}

@: mighty, grasped by roots, constricted
A: claws 2, powered by pain 2, sturdy frame 3, demonic magic 1
a: Renounce Religion, Evoke Blink, Heroism, Finesse


You were on level 14 of the Dungeon.
You worshipped Okawaru.
Okawaru was greatly pleased with you.
You visited 2 branches of the dungeon, and saw 13 of its levels.
You visited the Abyss 1 time.
You also visited: Bailey.

You collected 1822 gold pieces.
You spent 427 gold pieces at shops.

Inventory:

Hand Weapons
 a - a +0 club
 d - a +0 trident
 g - a +0 hand axe
 o - a +3 rapier of speed
 q - a +1 antimagic dagger
 w - a +0 hunting sling
 D - a +0 spear
 H - a +0 quarterstaff
Missiles
 j - 3 throwing nets
 k - 20 poisoned darts
 u - 246 stones
 E - 38 sling bullets
 J - 4 boomerangs (quivered)
 L - 4 curare-tipped darts
Armour
 b - a +0 leather armour
 f - a +0 scale mail
 h - a +0 ring mail
 i - a +0 plate armour (worn)
 m - a +0 helmet (worn)
 n - a +0 chain mail
 p - a +1 buckler (worn)
 s - +0 acid dragon scales
 C - +0 swamp dragon scales
Jewellery
 c - a ring of flight
 r - a ring of positive energy
 z - an amulet of reflection (around neck)
 F - the ring "Jinebral" (right claw) {+Blink rElec rPois Stlth+}
   (You took it off a gnoll shaman in a bailey)

   [ring of poison resistance]

   rElec:     It insulates you from electricity.
   rPois:     It protects you from poison.
   +Blink:    It lets you blink.
   Stlth:     It makes you more stealthy.
 G - a +4 ring of slaying (left claw)
 K - a ring of magical power
Wands
 x - a wand of iceblast (2)
 M - a wand of flame (18)
 N - a wand of acid (1)
Scrolls
 t - 2 scrolls of noise
 y - a scroll of enchant armour
 A - a scroll of fog
 B - 2 scrolls of enchant weapon
 P - a scroll of amnesia
 Q - a scroll of identify
Potions
 l - a potion of cancellation
 v - a potion of flight
 I - 2 potions of degeneration
 O - a potion of ambrosia
Miscellaneous
 e - a piece from Xom's chessboard (2/15)
 R - a lightning rod (4/4)


   Skills:
 - Level 8.0 Fighting
 - Level 7.5 Armour
 - Level 7.3 Dodging
 - Level 0.8 Stealth
 - Level 4.0 Shields
 - Level 12.1 Unarmed Combat
 + Level 6.4 Invocations
 - Level 3.0 Evocations


You had 9 spell levels left.
You knew the following spells:

 Your Spells              Type           Power      Damage    Failure   Level
a - Animate Skeleton      Necr           0%         N/A       88%         1
b - Apportation           Tloc           0%         N/A       88%         1

Your spell library contained the following spells:

 Spells                   Type           Power      Damage    Failure   Level
 Pain                     Necr           0%         1d4       88%         1
 Ensorcelled Hibernation  Hex/Ice        0%         N/A       95%         2
 Passwall                 Tmut/Erth      0%         N/A       95%         2
 Scorch                   Fire           0%         2d5       95%         2
 Static Discharge         Conj/Air       0%         N/A       95%         2
 Gell's Gravitas          Tloc           0%         N/A       99%         3
 Portal Projectile        Hex/Tloc       0%         N/A       99%         3
 Spider Form              Tmut/Pois      0%         N/A       99%         3
 Swiftness                Air            0%         N/A       99%         3
 Teleport Other           Tloc           0%         N/A       99%         3
 Vampiric Draining        Necr           0%         2d6       99%         3
 Dispel Undead            Necr           0%         3d6       100%        4
 Flame Wave               Conj/Fire      0%         3d3       100%        4
 Sticky Flame             Conj/Fire      0%         2d3       100%        4
 Blade Hands              Tmut           0%         N/A       100%        5
 Excruciating Wounds      Necr           0%         N/A       100%        5
 Dispersal                Tloc           0%         N/A       100%        6
 Invisibility             Hex            0%         N/A       100%        6
 Summon Small Mammal      Summ           Unusable   N/A       N/A         1
 Summon Cactus Giant      Summ           Unusable   N/A       N/A         6

Dungeon Overview and Level Annotations

Branches:
Dungeon (14/15)            Temple (1/1) D:7            Lair (0/6) D:10
 Bailey (visited)
    Orc: D:9-12      Vaults: D:13-14

Altars:
Ashenzari
Cheibriados
Dithmenos
Elyvilon
Fedhas
Gozag
Hepliaklqana
Kikubaaqudgha
Makhleb
Nemelex Xobeh
Okawaru
Qazlal
Ru
Sif Muna
Trog
Uskayaw
Vehumet
Wu Jian
Xom
Yredelemnul
Zin
The Shining One

Shops:
D:1 ?   D:7 (   D:10 :

Annotations:
D:6 1 runed translucent door, KoroneIsBestGirl's ghost, novice BaIE
D:10 1 runed translucent door
D:14 Jorgrun


Innate Abilities, Weirdness & Mutations

You have very sharp fingernails.
You sometimes gain power by taking damage.
Your movements are significantly less encumbered by armour. (ER -6)
Spells you cast may paralyse adjacent enemies.


Message History

The wizard hits you with a +0 dagger.
You take 4 damage, and have 62/92 hp.
You claw the wizard!
You kill the wizard!
Okawaru accepts your kill.
A green ugly thing comes into view.
Jorgrun says, "Yer just na down-ta-earth enough."
Your Invocations skill increases to level 6!
Okay, then.
Some rock shatters into small pieces.
Jorgrun casts a spell at you.
Roots burst forth from the earth!
The grasping roots grab you! The grasping roots constrict you!
You focus on the pain.
You feel very mighty all of a sudden.
You take 15 damage, and have 49/92 hp.
The roots' grasp on you weakens, but your attempt to escape fails.
The grasping roots constrict you!!
You focus on the pain.
You feel your power returning.
You take 19 damage, and have 30/92 hp.
MASSIVE DAMAGE!!
You regained 8 mp, and now have 11/16 mp.
Okay, then.
Aiming: Corrosive Bolt
Press: ? - help, Shift-Dir - straight line, f - Jorgrun
Aim: Jorgrun, wielding a +0 vorpal quarterstaff and wearing a +0 robe of willpower (57% to hit)
The bolt of acid misses Jorgrun.
The grasping roots constrict you!
* * * LOW HITPOINT WARNING * * *
You take 15 damage, and have 15/92 hp.
Aiming: Corrosive Bolt
Press: ? - help, Shift-Dir - straight line, f/p - Jorgrun
Aim: Jorgrun, wielding a +0 vorpal quarterstaff and wearing a +0 robe of willpower (57% to hit)
The bolt of acid hits Jorgrun!!
The acid corrodes Jorgrun!
Jorgrun is moderately wounded.
The grasping roots constrict you!
* * * LOW HITPOINT WARNING * * *
You take 11 damage, and have 4/92 hp.
Okay, then.
As you read the scroll of fog, it crumbles to dust.
The scroll dissolves into smoke.
The grasping roots constrict you!
You die...

..##..#.#.....#
...........# ###
#####..#)##.# ...
#<..........#
#.##.....##.#####
#...............#
########....g........#
#.........§§§§.......#
#...#####...§@§.......#
. #..§§§§.......#
#.............#
#..)..........#
#.............#
#.............#
#.............
#............
.......#########


You could see Jorgrun (corroded).

Vanquished Creatures
  A tentacled starspawn (Abyss:2)
  Nessos (D:13)
  2 two-headed ogres (D:7)
  A centaur warrior (D:10)
  A wizard (D:14)
  A mana viper (Abyss:2)
  A deep elf pyromancer (D:8)
  A worldbinder (Abyss:2)
  An elephant (D:9)
  Joseph (D:8)
  Maggie (D:8)
  A gargoyle (D:7)
  2 ancient zymes (Abyss:2)
  2 raiju (Abyss:2)
  2 vampires
  A shadow (D:7)
  13 yaks
  2 wyverns
  Sigmund (D:6)
  A large abomination (Abyss:2)
  A basilisk (D:9)
  2 steam dragons
  3 small abominations (Abyss:2)
  3 acid dragons
  A water moccasin (D:7)
  6 orc warriors
  2 black bears (D:9)
  3 sky beasts
  A hornet zombie (D:7)
  An ice beast (D:8)
  An ogre (D:6)
  4 necrophages
  3 centaurs
  A kobold brigand (D:3)
  The ghost of AlleluiaPinecone the Skirmisher, an amateur VSFi of Nemelex Xobeh (D:3)
  5 bullfrogs
  11 gnoll sergeants
  3 scorpions
  3 wyvern zombies
  A water moccasin zombie (D:5)
  A water moccasin skeleton (D:5)
  7 killer bees
  7 wights
  2 electric eels (D:9)
  2 howler monkeys
  4 centaur zombies
  5 hounds
  6 orc priests
  3 jellies
  6 gnoll shamans (Bailey)
  An iron imp (Abyss:2)
  2 iguanas
  8 orc wizards
  2 killer bee zombies (D:7)
  A hound skeleton (D:4)
  2 mummies (D:7)
  2 howler monkey zombies
  25 gnolls
  A howler monkey skeleton (D:6)
  6 adders
  A shadow imp (D:5)
  3 white imps
  2 adder skeletons
  3 worms
  3 dart slugs
  32 orcs
  5 endoplasms
  5 giant cockroaches
  2 goblins
  2 hobgoblins
  2 quokkas
  6 ball pythons
  A bat (D:1)
  3 frilled lizards
  13 kobolds
  4 rats
273 creatures vanquished.

Vanquished Creatures (collateral kills)
  An adder (D:6)
1 creature vanquished.

Vanquished Creatures (others)
  2 gnolls (Bailey)
  A kobold (D:3)
  A fungus (D:1)
  5 plants (D:3)
  A starspawn tentacle (Abyss:2)
  4 withered plants (D:7)
14 creatures vanquished.

Grand Total: 288 creatures vanquished

Notes
Turn   | Place    | Note
-------+----------+-------------------------------------------
     0 | D:1      | jasper the Demonspawn Artificer began the quest for the
                  | Orb.
     0 | D:1      | Reached XP level 1. HP: 15/15 MP: 1/1
   191 | D:1      | Reached skill level 1 in Dodging
   555 | D:1      | Found a faded altar of an unknown god.
   614 | D:1      | Found Weoplo's Magic Scroll Shop.
   710 | D:1      | Gained mutation: Your movements are slightly less
                  | encumbered by armour. (ER -2) [demonic ancestry]
   710 | D:1      | Reached XP level 2. HP: 21/21 MP: 2/2
  1613 | D:2      | Found a bloodstained altar of Trog.
  1737 | D:2      | Reached skill level 1 in Shields
  1737 | D:2      | Reached XP level 3. HP: 17/26 MP: 3/3
  3282 | D:3      | Gained mutation: Your movements are less encumbered by
                  | armour. (ER -4) [demonic ancestry]
  3282 | D:3      | Reached XP level 4. HP: 29/32 MP: 4/4
  3486 | D:3      | Found a runed translucent gate.
  3486 | D:3      | Noticed a kobold brigand
  3487 | D:3      | Found a runed translucent gate.
  3487 | D:3      | Noticed AlleluiaPinecone's ghost (amateur VSFi)
  3489 | D:3      | Found a runed translucent gate.
  4203 | D:4      | Noticed a scorpion
  4208 | D:4      | Killed a scorpion
  4209 | D:4      | Gained mutation: Your movements are significantly less
                  | encumbered by armour. (ER -6) [demonic ancestry]
  4209 | D:4      | Reached XP level 5. HP: 37/37 MP: 5/5
  5082 | D:4      | Learned a level 1 spell: Animate Skeleton
  5084 | D:4      | Learned a level 1 spell: Apportation
  5099 | D:5      | Entered Level 5 of the Dungeon
  5159 | D:5      | Identified a scroll of acquirement
  5159 | D:5      | Acquired 776 gold pieces
  5212 | D:5      | Gained mutation: Spells you cast may paralyse adjacent
                  | enemies. [demonic ancestry]
  5212 | D:5      | Reached XP level 6. HP: 40/45 MP: 6/6
  5702 | D:5      | Gained mutation: You sometimes gain a little power by
                  | taking damage. [demonic ancestry]
  5702 | D:5      | Reached XP level 7. HP: 47/52 MP: 7/7
  6130 | D:1      | Bought a scroll of teleportation for 42 gold pieces
  6130 | D:1      | Bought a scroll of identify for 28 gold pieces
  6130 | D:1      | Bought a scroll of fog for 28 gold pieces
  6130 | D:1      | Bought a scroll of identify for 28 gold pieces
  6130 | D:1      | Bought a scroll of enchant weapon for 105 gold pieces
  6130 | D:1      | Bought a scroll of fear for 49 gold pieces
  6130 | D:1      | Bought a scroll of enchant weapon for 105 gold pieces
  6130 | D:1      | Bought a scroll of teleportation for 42 gold pieces
  6674 | D:6      | Noticed Sigmund
  6900 | D:6      | Killed Sigmund
  7019 | D:6      | Found a runed translucent door.
  7024 | D:6      | Noticed a yak
  7024 | D:6      | Noticed a yak
  7024 | D:6      | Noticed a yak
  7024 | D:6      | Noticed a yak
  7038 | D:7      | Noticed a steam dragon
  7141 | D:7      | Gained mutation: You sometimes gain power by taking damage.
                  | [demonic ancestry]
  7141 | D:7      | Reached XP level 8. HP: 61/61 MP: 8/8
  7145 | D:7      | Found a flagged portal.
  7196 | Bailey   | Entered a bailey
  7873 | Bailey   | Identified the ring "Jinebral" {+Blink rElec rPois Stlth+}
  7976 | Bailey   | Reached skill level 5 in Fighting
  9041 | Bailey   | Reached skill level 5 in Armour
  9474 | Bailey   | Reached skill level 5 in Dodging
 10608 | Bailey   | Acquired a +4 ring of slaying
 11113 | D:7      | Gained mutation: You have sharp fingernails. [demonic
                  | ancestry]
 11113 | D:7      | Reached XP level 9. HP: 56/69 MP: 9/9
 11309 | D:7      | Reached skill level 1 in Unarmed Combat
 11484 | D:7      | Reached skill level 2 in Unarmed Combat
 11841 | D:7      | Reached skill level 3 in Unarmed Combat
 11892 | D:7      | Reached skill level 4 in Unarmed Combat
 12002 | D:7      | Noticed a gargoyle
 12002 | D:7      | Noticed a two-headed ogre
 12002 | D:7      | Noticed a two-headed ogre
 12146 | D:7      | Reached skill level 5 in Unarmed Combat
 12204 | D:8      | Found an ornate altar of the Wu Jian Council.
 12233 | D:8      | Reached skill level 6 in Unarmed Combat
 12407 | D:8      | Noticed Maggie
 12447 | D:8      | Noticed Joseph
 12463 | D:8      | Killed Joseph
 12464 | D:8      | Reached skill level 7 in Unarmed Combat
 13269 | D:8      | Identified the +4 morningstar "Wezxek" {freeze, Int+7}
 13579 | D:8      | Reached XP level 10. HP: 76/76 MP: 10/10
 13655 | D:8      | Noticed a deep elf pyromancer
 13693 | D:8      | Reached skill level 8 in Unarmed Combat
 14265 | D:8      | Killed Maggie
 14465 | D:9      | Reached skill level 9 in Unarmed Combat
 14662 | D:8      | Killed a deep elf pyromancer
 15511 | D:10     | Entered Level 10 of the Dungeon
 15511 | D:10     | Found Ogiu's Book Emporium.
 15528 | D:10     | Found a staircase to the Lair.
 15528 | D:10     | Noticed an elephant
 15545 | D:9      | Reached skill level 10 in Unarmed Combat
 15554 | D:9      | Killed an elephant
 16132 | D:3      | Killed AlleluiaPinecone's ghost
 16493 | D:6      | Noticed KoroneIsBestGirl's ghost (novice BaIE)
 16807 | D:7      | Reached XP level 11. HP: 61/83 MP: 11/11
 16916 | D:7      | Found a staircase to the Ecumenical Temple.
 16925 | Temple   | Entered the Ecumenical Temple
 17199 | Temple   | Became a worshipper of Warmaster Okawaru
 17549 | D:7      | Found Zovo Yhips's Weapon Shoppe.
 17645 | D:7      | Reached skill level 11 in Unarmed Combat
 17678 | D:7      | Killed a two-headed ogre
 17890 | D:7      | Reached * piety under Okawaru
 18193 | D:7      | Killed a two-headed ogre
 20327 | D:10     | Noticed a centaur warrior
 20335 | D:10     | Killed a centaur warrior
 20335 | D:10     | Reached ** piety under Okawaru
 20743 | D:10     | Noticed a boulder beetle
 20744 | D:10     | Found a runed translucent door.
 20759 | D:10     | You fall into a shaft and drop 3 floors!
 20790 | D:13     | Noticed Nessos
 20803 | D:13     | Killed Nessos
 21122 | D:13     | Noticed a skeletal warrior
 21123 | D:13     | Noticed a skeletal warrior
 21259 | D:14     | Noticed a wizard
 21261 | D:14     | Cast into level 2 of the Abyss (a wizard)
 21296 | Abyss:2  | Reached skill level 12 in Unarmed Combat
 21367 | Abyss:2  | Noticed an ironbound thunderhulk
 21406 | Abyss:2  | Noticed an orb spider
 21408 | Abyss:2  | Noticed a tentacled starspawn
 21408 | Abyss:2  | Noticed a mana viper
 21415 | Abyss:2  | Reached skill level 1 in Invocations
 21425 | Abyss:2  | Killed a tentacled starspawn
 21425 | Abyss:2  | Reached *** piety under Okawaru
 21426 | Abyss:2  | Gained mutation: You have very sharp fingernails. [demonic
                  | ancestry]
 21426 | Abyss:2  | Reached XP level 12. HP: 78/92 MP: 3/15
 21430 | Abyss:2  | Reached skill level 5 in Invocations
 21432 | Abyss:2  | Reached **** piety under Okawaru
 21435 | D:14     | Escaped the Abyss
 21440 | D:14     | Noticed Jorgrun
 21452 | D:14     | HP: 4/92 [constriction (12)]
 21453 | D:14     | Constricted to death by Jorgrun

Illustrated notes

Levels and vault maps discovered:
D:1:      dpeg_arrival_water_fire, layout_basic,
          shapermc_ecumenical_altar_mp_ritualfount, serial_shops, shop,
          serial_bayou_pond_d, minivault_14
D:2:      layout_basic, basic_altar, minmay_circle_x
D:3:      cheibrodos_old_hovel, layout_basic, gammafunk_ghost_nasty_kobolds
D:4:      layout_rooms
D:5:      layout_loops_ring, minmay_misc_feat_rows, st_stairs_8,
          minmay_misc_feat_tiny
D:6:      layout_loops_cross, ebering_ghost_reflecting_pool, st_stairs_12,
          uniq_sigmund
D:7:      minmay_chambers_of_sevens, layout_basic,
          minmay_temple_entry_stoned_glass, serial_shops, shop, serial_undead,
          serial_undead_d, serial_undead_e, serial_undead_a, serial_undead_a,
          serial_undead_b, serial_undead_d, serial_undead_f, enter_bailey_4,
          chequers_serial_rivers_room_a
D:8:      layout_layer_cave, nicolae_wu_jian_wuxing_cycle, nzn_random_ring,
          uniq_maggie, uniq_joseph
D:9:      layout_irregular_city, disabler_island
D:10:     layout_small_grid, david_lair_generic, serial_shops,
          nicolae_stop_n_shop_2, minmay_st_funbox, kennysheep_generic_room_14
D:13:     layout_layer_cave, hangedman_vaults_entry_quadrant_bands,
          uniq_maurice, uniq_nessos
D:14:     layout_basic, dk_noncrumbling_4, minmay_diced_spiral, uniq_jorgrun
Temple:   nicolae_temple_the_god_donut

Skill      XL: |  1  2  3  4  5  6  7  8  9 10 11 12 |
---------------+-------------------------------------+-----
Dodging        | 1 2 3 4 5 6 7 |  7.3
Armour         | 2 3 4 5 6 7 |  7.5
Shields        | 1 2 3 4 |  4.0
Fighting       | 2 3 4 6 8 |  8.0
Unarmed Combat | 7 10 12 | 12.1
Invocations    | 4 6 |  6.4
Stealth        | |  0.8
Evocations     | |  3.0

Action                   |  1- 3 |  4- 6 |  7- 9 | 10-12 || total
-------------------------+-------+-------+-------+-------++-------
Melee: Hand axe          |    18 |       |       |       ||    18
       Club              |     6 |       |       |       ||     6
       Rapier            |    62 |   155 |   376 |       ||   593
       Unarmed           |       |       |    47 |   510 ||   557
 Fire: Hunting sling     |       |       |   498 |       ||   498
Throw: Stone             |    42 |    67 |    66 |       ||   175
       Dart              |       |    18 |     6 |     2 ||    26
       Throwing net      |       |     1 |     4 |     3 ||     8
       Boomerang         |       |       |    11 |    23 ||    34
Invok: Heroism           |       |       |       |     9 ||     9
Evoke: Wand              |     6 |     5 |    19 |    26 ||    56
       Piece from Xom's  |       |       |    11 |    14 ||    25
  Use: Scroll            |     8 |     4 |     7 |     7 ||    26
       Potion            |       |     3 |     3 |     6 ||    12
 Stab: Distracted        |       |     1 |       |       ||     1
       Paralysed         |       |       |     7 |       ||     7
       Petrified         |       |       |       |     5 ||     5
Armor: Leather armour    |     9 |       |       |       ||     9
       Ring mail         |    22 |    16 |       |       ||    38
       Scale mail        |       |     7 |       |       ||     7
       Skin              |       |     8 |     6 |     1 ||    15
       Chain mail        |       |     3 |   138 |     6 ||   147
       Plate armour      |       |       |       |   133 ||   133
Dodge: Dodged            |    42 |    40 |   228 |   146 ||   456
Block: Buckler           |     6 |    17 |   148 |   222 ||   393
       Reflection        |       |       |     5 |    11 ||    16

Table legend: (Time is in decaauts)
 A = Elapsed time spent in this place.
 B = Non-inter-level travel time spent in this place.
 C = Inter-level travel time spent in this place.
 D = Time resting spent in this place.
 E = Time spent auto-exploring this place.
 F = Levels seen in this place.
 G = Mean time per level.
                   A        B        C        D        E       F      G
               +--------+--------+--------+--------+--------+-----+--------+
         Total |  21396 |  20092 |   1304 |   6475 |   8351 |  15 | 1426.4 |
       Dungeon |  17223 |  15941 |   1282 |   5184 |   7938 |  12 | 1435.2 |
        Temple |    305 |    283 |     22 |      0 |    239 |   1 |  305.0 |
         Abyss |    155 |    155 |      0 |      7 |      6 |   1 |  155.0 |
        Bailey |   3711 |   3711 |      0 |   1284 |    168 |   1 | 3711.0 |
               +--------+--------+--------+--------+--------+-----+--------+

Top non-repeatable levels by time:
  Bailey: 3711 daAuts
     D:8: 3340 daAuts
     D:7: 2732 daAuts
     D:9: 1941 daAuts
     D:2: 1650 daAuts
     D:1: 1338 daAuts
     D:3: 1287 daAuts
     D:4: 1248 daAuts
     D:6: 1244 daAuts
     D:5: 1098 daAuts
    D:10: 823 daAuts
    D:13: 384 daAuts
  Temple: 305 daAuts
 Abyss:2: 155 daAuts
    D:14: 133 daAuts
